 Dungeon Crawl Stone Soup version 0.19-a0-790-ge39e1af (webtiles) character file.

86 vatarom the Skirmisher (level 4, -3/38 HPs)
             Began as a Formicid Fighter on June 26, 2016.
             Slain by a gnoll (6 damage)
             ... on level 2 of the Dungeon.
             The game lasted 00:02:04 (1111 turns).

vatarom the Skirmisher (Formicid Fighter)           Turns: 1111, Time: 00:02:05

Health: -3/38      AC:  6    Str: 25    XL:     4   Next: 78%
Magic:  4/4        EV:  8    Int:  8    God:
Gold:   39         SH: 11    Dex: 11    Spells: 0 memorised, 3 levels left

rFire  . . .     SeeInvis +     a - +0 trident
rCold  . . .     Gourm    .     b - +0 scale mail
rNeg   . . .     Faith    .     c - +1 shield
rPois  .         Spirit   .     (helmet unavailable)
rElec  .         Dismiss  .     (no cloak)
rCorr  .         Reflect  .     (no gloves)
SustAt .         Harm     .     (no boots)
MR     .....                    (no amulet)
Stlth  ..........               (no ring)
                                (no ring)

@: mighty, not resistant to hostile enchantments, extremely unstealthy
A: permanent stasis, dig shafts and tunnels, four strong arms, antennae 3
a: Dig, Shaft Self


You were on level 2 of the Dungeon.
You were hungry.

You visited 1 branch of the dungeon, and saw 2 of its levels.

You collected 39 gold pieces.

Inventory:

Hand Weapons
 a - a +0 trident (weapon)
Armour
 b - a +0 scale mail (worn)
 c - a +1 shield (worn)
Scrolls
 e - a scroll of recharging
Potions
 g - 2 potions of magic
Comestibles
 f - 2 bread rations
 h - a meat ration


   Skills:
 + Level 4.6 Fighting
 + Level 3.5 Polearms
 - Level 3.2 Armour
 - Level 3.6 Shields


You had 3 spell levels left.
You didn't know any spells.

Dungeon Overview and Level Annotations

Branches:
Dungeon (2/15)

Altars:

Annotations:
D:2 Robin


Innate Abilities, Weirdness & Mutations

You are under a permanent stasis effect.
You can dig through walls and to a lower floor.
Your four strong arms can wield two-handed weapons with a shield.
You have a pair of large antennae on your head. (SInv)


Message History

You kill the gnoll!
Your shield prevents you from hitting the hobgoblin.
You block the hobgoblin's attack.
You closely miss the hobgoblin. The hobgoblin closely misses you.
You block the goblin's attack. The gnoll closely misses you.
Things that are here:
a whip; a dagger; a goblin corpse You puncture the goblin!
You kill the goblin!
You block the hobgoblin's attack.
The gnoll hits you from afar with a spear.
You puncture the gnoll!
The gnoll is heavily wounded.
You block the gnoll's attack. The hobgoblin hits you with a club.
* * * LOW HITPOINT WARNING * * *
The gnoll hits you from afar with a spear!
* * * LOW HITPOINT WARNING * * *
The gnoll hits you.
You die...

#........(#########g
###........[......g.
#########..####......$...gg
.......†)†## ##.g.#######.
#####..#######...{#
##.........##{# ####....###
#{# #....##..g###g#####
#.#######.@ggS....### #.
####g........ #. #......##.
## .. ##########......# ..
. .........)......# #.
#####((†......# #.#
#.....##.......# ..#
###.######(.)[...# ## #...#
#.......#


You could see 3 gnolls, an adder and 2 hobgoblins.

Vanquished Creatures
  3 adders (D:2)
  A gnoll (D:2)
  A worm (D:2)
  A dart slug (D:2)
  8 bats
  3 giant cockroaches (D:1)
  12 goblins
  2 hobgoblins (D:2)
  4 jackals (D:1)
  2 giant newts
  4 kobolds
41 creatures vanquished.

Notes
Turn   | Place    | Note
--------------------------------------------------------------
     0 | D:1      | vatarom the Formicid Fighter began the quest for the Orb.
     0 | D:1      | Reached XP level 1. HP: 18/18 MP: 1/1
    92 | D:1      | Reached XP level 2. HP: 23/24 MP: 2/2
   482 | D:1      | Reached XP level 3. HP: 30/30 MP: 3/3
   940 | D:2      | Reached skill level 4 in Fighting
   990 | D:2      | Reached XP level 4. HP: 35/37 MP: 4/4
  1065 | D:2      | Noticed Robin
  1111 | D:2      | Slain by a gnoll

Vault maps used:
D:1:      evilmike_arrival_grusome_pit, serial_forest,
          infiniplex_forest_lined_corner, infiniplex_forest_join,
          infiniplex_forest_clump_large, infiniplex_forest_straight_2,
          infiniplex_forest_straight_4, infiniplex_forest_straight_3,
          infiniplex_forest_end_2
D:2:      uniq_robin

Skill      XL: |  1  2  3 |
---------------+----------+-----
Fighting       | 4 |  4.6
Polearms       | 3 |  3.5
Armour         | |  3.2
Shields        | |  3.6

Action                   |  1- 3 |  4- 6 || total
-------------------------+-------+-------++-------
Melee: Trident           |    94 |    66 ||   160
  Use: Scroll            |     2 |     1 ||     3
       Potion            |     1 |     2 ||     3
Armor: Scale mail        |    43 |    29 ||    72
Dodge: Dodged            |    19 |    19 ||    38
Block: Shield            |    47 |    37 ||    84
